 BcadrenCrawl: Boulder Brew version 0.03.3.1 (webtiles) character file.

Game seed: 9418352592603521562, levelgen mode: deterministic

1919 Chiseanne the Skirmisher (level 9, -1/55 HPs) Tengu Demonspawn. Began on Mar 12, 2021. Was a Priest of Vehumet. Slain by an orc warrior ... wielding a cursed +2 trident of chaos {(Curse: Fragile)} (4 damage) ... on level 4 of the Dungeon. The game lasted 00:09:58 (3459 turns).

Chiseanne the Skirmisher (Tengu Demonspawn)         Turns: 3459, Time: 00:09:58

Health: -1/55      AC:  5    Str: 14    XL:     9 ^: 1906
Magic:  0/17       EV: 15    Int: 15    God:    Vehumet [3* [75]]
Gold:   271        SH:  8    Dex: 15    Spells: 15/17 levels left

rFire    . . .     Vision   .   a - +1 war axe
rCold    . . .     Gourm    .   e - +0 heater shield
rNeg     . . .     Faith    .   b - +0 leather armour
rPois    .         Spirit   +   (helmet restricted)
rElec    .         Reflect  .   (no cloak)
rCorr    .         Harm     .   (no gloves)
MR       .....                  (boots unavailable)
Stlth    ++........             (no amulet)
HPRegen  0.28/turn              (no ring)
MPRegen  0.54/turn              (no ring)

@: lethally poisoned (-1 -> -3), flying quickly and evasively, hasted, very
quick
A: antennae 1, beak, talons 3, icy blue scales 1, demonic guardian 1, magic
shield, magic regeneration, able to fly
a: Stop Flying, Renounce Religion


You were on level 4 of the Dungeon.
You worshipped Vehumet.
Vehumet was most pleased with you.
You were not hungry.

You visited 1 branch of the dungeon, and saw 4 of its levels.

You collected 271 gold pieces.

Inventory:

Weapons
 a - a +1 war axe (weapon)
 w - a +1 hand crossbow of molten steel Shields
 e - a +0 heater shield (shield)
Armour
 b - a +0 leather armour (worn)
Jewellery
 c - an uncursed ring of wizardry
Scrolls
 f - a scroll of magic mapping
 h - 4 scrolls of teleportation
 j - a scroll of immolation
Potions
 g - 2 potions of brilliance
 i - a potion of curing
 l - 2 potions of mutation
Comestibles
 d - 9 rations
 k - a chunk of flesh


   Skills:
 * Level 6.0 Fighting
 - Level 3.2 Axes & Hammers
 - Level 4.5 Dodging
 - Level 2.0 Stealth
 * Level 5.6 Shields
 * Level 4.7 Spellcasting
 * Level 2.7 Fire Magic
   Level 2.4 Invocations


You had 15 spell levels left.
You knew the following spells:

 Your Spells              Type           Power        Failure   Level  Hunger
a - Searing Ray           Fire           11 (50)      9%          2    ##.....

Your spell library contained the following spells:

 Spells                   Type           Power        Failure   Level  Hunger
 Flame Tongue             Fire           11 (30)      6%          1    None
 Sandblast                Erth           3 (50)       17%         1    None
 Stone Arrow              Erth           3 (50)       43%         3    ###....
 Conjure Flame            Fire           11 (100)     52%         3    ###....
 Blink                    Tloc           N/A          67%         2    ##.....
 Call Imp                 Summ           3 (100)      67%         2    ##.....
 Slow                     Hex            3 (100)      67%         2    ##.....
 Mephitic Cloud           Pois/Air       3 (100)      88%         3    ###....


Dungeon Overview and Level Annotations

Branches:
Dungeon (4/8)
 Temple: D:4

Altars:
Elyvilon
Vehumet

Annotations:
D:2 exclusion: statue


Innate Abilities, Weirdness & Mutations

You have a pair of small antennae on your head.
You have a beak for a mouth.
You have claws for feet.
You are partially covered in icy blue scales. (AC +2)
A weak demonic guardian rushes to your aid.
When hurt, damage is shared between your health and your magic reserves.
You regenerate magic rapidly.
You can fly continuously.


Message History

* * * LOW HITPOINT WARNING * * *
You are shocked (4).
* * * LOW HITPOINT WARNING * * *
The orc misses you (0). The adder closely misses you (0).
You feel much better.
You feel sick. (1)
The bullfrog zombie misses you (0). The wyvern zombie misses you (0).
You block the orc warrior's attack. You block the adder's attack.
The wyvern zombie barely misses you (0).
You block the bullfrog zombie's attack.
You feel yourself speed up.
You feel sick. (1)
The orc barely misses you (0). The adder bites you (1).
Your iron imp hits the wyvern zombie (6).
You block the bullfrog zombie's attack. The wyvern zombie bites you (14)!
* * * LOW HITPOINT WARNING * * *
The orc warrior hits you from afar with a cursed +2 trident of chaos {(Curse: Fragile)} (16)!
* * * LOW HITPOINT WARNING * * *
You are shocked (6).
You die...

..............# ..#
.
#..................
##.......)).........
##..............
##..........)..
#.............
#.............
#.5..........
#Z@Zs..##..#
#..oSo#.# ###
.....o....#
..........5....
...##......#.... .#
.......##...
......... ...
.......##.. ..


You could see an orc warrior, a scorpion, an orc wizard, a crimson imp, an
adder, an orc, a bullfrog zombie, a wyvern zombie and a friendly iron imp.

Vanquished Creatures
  A porcupine (D:3)
  2 ogres (D:3)
  A crocodile (D:2)
  3 big kobolds (D:2)
  A bullfrog (D:2)
  A howler monkey (D:3)
  A crimson imp (D:3)
  An orc priest (D:4)
  6 jellies
  A merfolk avatar (D:2)
  3 worker ants (D:3)
  2 wyvern zombies (D:4)
  A wyvern skeleton (D:4)
  A water moccasin skeleton (D:3)
  4 giant cockroaches
  A bullfrog skeleton (D:4)
  3 gnolls (D:3)
  6 adders
  45 sewer rats (D:2)
  A worm (D:2)
  7 cinder newts
  3 oozes (D:2)
  8 leopard geckos
  7 orcs
  A cinder newt skeleton (D:2)
  2 goblins (D:1)
  A hobgoblin (D:1)
  2 quokkas (D:3)
  2 ball pythons
  6 bats
  2 bat skeletons (D:2)
  13 kobolds
  2 kobold skeletons (D:2)
  A leopard gecko skeleton (D:3)
  A quokka skeleton (D:2)
  2 rats (D:2)
  A rat skeleton (D:2)
  16 withered plants (D:2)
162 creatures vanquished.

Vanquished Creatures (collateral kills)
  An orc warrior (D:4)
  A big kobold (D:2)
  An iron imp (D:4)
  A gnoll (D:3)
  4 sewer rats (D:2)
  2 orcs (D:4)
  6 kobolds (D:2)
16 creatures vanquished.

Vanquished Creatures (others)
  A jelly (D:2)
  A giant cockroach (D:2)
  A sewer rat (D:2)
  A cinder newt (D:2)
  A worm (D:2)
  An ooze (D:2)
  A leopard gecko skeleton (D:2)
  A rat (D:2)
  2 slimeheads (D:2)
  99 withered plants (D:2)
109 creatures vanquished.

Grand Total: 287 creatures vanquished

Notes
Turn   | Place    | Note
-------+----------+-------------------------------------------
     0 | D:1      | Chiseanne the Tengu Demonspawn began the quest for the Orb.
     0 | D:1      | Reached XP level 1. HP: 12/12 MP: 3/3
    46 | D:1      | Gained mutation: You are partially covered in icy blue
                  | scales. (AC +2) [demonic ancestry]
    46 | D:1      | Reached XP level 2. HP: 15/16 MP: 4/4
   476 | D:1      | Gained mutation: A weak demonic guardian rushes to your
                  | aid. [demonic ancestry]
   476 | D:1      | Reached XP level 3. HP: 21/21 MP: 5/5
   578 | D:1      | Reached skill level 2 in Fighting
   815 | D:2      | Noticed a big kobold
   820 | D:2      | Killed a big kobold
   820 | D:2      | Reached skill level 1 in Shields
   820 | D:2      | Gained mutation: You have a pair of small antennae on your
                  | head. [demonic ancestry]
   820 | D:2      | Reached XP level 4. HP: 14/27 MP: 6/6
   820 | D:2      | Gained mutation: When hurt, damage is shared between your
                  | health and your magic reserves. [demonic ancestry]
   820 | D:2      | Gained mutation: You can fly continuously. [Tengu growth]
   820 | D:2      | Reached XP level 5. HP: 17/31 MP: 7/7
   830 | D:2      | Reached skill level 3 in Fighting
   833 | D:2      | Reached XP level 6. HP: 14/37 MP: 2/8
  1092 | D:2      | Reached XP level 7. HP: 41/41 MP: 10/10
  1105 | D:2      | Found a faded altar of an unknown god.
  1208 | D:2      | Found a radiant altar of Vehumet.
  1217 | D:2      | Became a worshipper of Vehumet
  1359 | D:2      | Reached skill level 4 in Fighting
  1558 | D:2      | Reached * piety under Vehumet
  1558 | D:2      | Offered knowledge of Sandblast by Vehumet.
  1563 | D:2      | Reached XP level 8. HP: 42/48 MP: 13/13
  2091 | D:2      | Reached skill level 5 in Fighting
  2464 | D:3      | Offered knowledge of Searing Ray by Vehumet.
  2486 | D:3      | Reached ** piety under Vehumet
  2607 | D:3      | Found a white marble altar of Elyvilon.
  2780 | D:3      | Reached skill level 5 in Shields
  3153 | D:3      | Gained mutation: You regenerate magic rapidly. [demonic
                  | ancestry]
  3153 | D:3      | Reached XP level 9. HP: 55/55 MP: 16/16
  3157 | D:3      | Learned a level 2 spell: Searing Ray
  3253 | D:4      | Offered knowledge of Stone Arrow by Vehumet.
  3411 | D:4      | Reached skill level 6 in Fighting
  3456 | D:4      | Reached *** piety under Vehumet
  3459 | D:4      | Slain by an orc warrior

Levels and vault maps discovered:
D:1:      dpeg_arrival_stonehenge_8_columns, layout_loops_corners,
          kennysheep_nondescript, portal_sewer_entry_e
D:2:      layout_sewer, vehumet_statue, st_mermaid_room,
          chequers_ecumenical_altar_simple, first_ration
D:3:      layout_loops_ring, old_standard_altar, grunt_ogre_cave
D:4:      ossuary_due_mausoleum, layout_cave_pools, makhleb_blood_cavern_becter,
          minmay_temple_entry_drinking_statues, minmay_between

Skill      XL: |  1  2  3  4  5  6  7  8  9 |
---------------+----------------------------+-----
Fighting       | 2 3 4 5 6 |  6.0
Dodging        | 4 |  4.5
Shields        | 1 2 3 5 |  5.6
Axes & Hammers | 3 |  3.2
Spellcasting   | 3 4 |  4.7
Stealth        | |  2.0
Fire Magic     | |  2.7
Invocations    | |  2.4

Action                   |  1- 3 |  4- 6 |  7- 9 || total
-------------------------+-------+-------+-------++-------
Melee: War axe           |    22 |    17 |   204 ||   243
       Unarmed           |     7 |       |       ||     7
       Kick              |     5 |     5 |    25 ||    35
       Peck              |     2 |     2 |    17 ||    21
 Fire: Hand crossbow     |       |    33 |    24 ||    57
 Abil: Fly               |       |       |     1 ||     1
  Use: Potion            |       |     2 |     2 ||     4
       Scroll            |       |       |     2 ||     2
 Stab: Sleeping          |     3 |       |     2 ||     5
  Eat: Chunk             |       |       |     8 ||     8
Armor: Leather armour    |     2 |     8 |    17 ||    27
Dodge: Dodged            |    15 |    23 |   114 ||   152
Block: Heater shield     |     1 |    12 |    82 ||    95
